 Dungeon Crawl Stone Soup version 0.17.0-23-g0de4337 (webtiles) character file.

189707 MDvedh the Swashbuckler (level 19, -5/125 HPs)
             Began as a Kobold Berserker on Nov 14, 2015.
             Was the Champion of Trog.
             Killed from afar by a deep elf annihilator (46 damage)
             ... with a crystal spear
             ... on level 3 of the Elven Halls.
             The game lasted 01:22:37 (36769 turns).

MDvedh the Swashbuckler (Kobold Berserker)         Turns: 36769, Time: 01:22:37

Health: -5/125     AC: 33    Str: 17    XL:     19   Next: 29%
Magic:  28/28      EV: 22    Int:  6    God:    Trog [******]
Gold:   1421       SH: 10    Dex: 19    Spells: 0 memorised, 18 levels left

rFire  . . .     SeeInvis +     a - +6 rapier (venom)
rCold  . . .     Clarity  .     H - +7 chain mail of Vexation {rElec MP+9 SInv}
rNeg   + . .     SustAt   .     A - +3 buckler of Boiling Hail {rElec MR+ Regen+ Str-4}
rPois  .         Gourm    .     k - +2 hat {MR+}
rElec  +         Spirit   .     Y - +1 cloak of the Hanged Man {+Blink}
rCorr  .         Warding  +     g - +1 pair of gloves
rMut   .         Stasis   .     T - +0 pair of boots {run}
MR     ++++.                    I - amulet of warding
Stlth  ..........               D - +2 ring of strength
                                G - +5 ring of protection

@: lethally poisoned (-5 -> -5), drained, quick, incredibly resistant to hostile
enchantments, extremely unstealthy
A: talons 1, carnivore 3, magic resistance 1
a: Berserk, Trog's Hand, Brothers in Arms, Burn Spellbooks, Renounce Religion,
Evoke Blink


You were on level 3 of the Elven Halls.
You worshipped Trog.
Trog was exalted by your worship.
You were very full.

You visited 4 branches of the dungeon, and saw 30 of its levels.
You also visited: Labyrinth and Sewer.

You collected 3304 gold pieces.
You spent 1883 gold pieces at shops.

Inventory:

Hand Weapons
 a - a +6 rapier of venom (weapon)
 x - a +9 quick blade
 z - a +0 rapier of electrocution
Armour
 g - a +1 pair of gloves (worn)
 k - a +2 hat of magic resistance (worn)
 A - the +3 buckler of Boiling Hail (worn) {rElec MR+ Regen+ Str-4}
   (You found it on level 10 of the Dungeon)

   It affects your strength (-4).
   It insulates you from electricity.
   It affects your resistance to hostile enchantments.
   It increases your rate of regeneration.
 H - the +7 chain mail of Vexation (worn) {rElec MP+9 SInv}
   (You found it on level 2 of the Lair of Beasts)

   It insulates you from electricity.
   It affects your magic capacity (+9).
   It lets you see invisible.
 T - a +0 pair of boots of running (worn)
 Y - the +1 cloak of the Hanged Man (worn) {+Blink}
   (You found it on level 14 of the Dungeon)

   It lets you blink.
Jewellery
 m - an uncursed ring of ice
 u - an uncursed ring of flight
 D - a +2 ring of strength (right hand)
 G - a +5 ring of protection (left hand)
 I - an amulet of warding (around neck)
 K - an uncursed ring of protection from magic
 Q - an uncursed ring of sustain attributes
 U - an uncursed amulet of guardian spirit
Wands
 r - a wand of teleportation (6)
 C - a wand of digging (12)
 O - a wand of disintegration (7)
 R - a wand of invisibility (4)
 S - a wand of hasting (7)
 V - a wand of hasting (6)
Scrolls
 b - 10 scrolls of teleportation
 e - 15 scrolls of identify
 f - 4 scrolls of fear
 i - 3 scrolls of enchant armour
 l - 5 scrolls of blinking
 n - 13 scrolls of remove curse
 q - 2 scrolls of fog
 y - 7 scrolls of enchant weapon
 B - 3 scrolls of recharging
 F - a scroll of holy word
Potions
 d - a potion of cure mutation
 h - 5 potions of brilliance
 p - 4 potions of magic
 t - 6 potions of curing
 w - 3 potions of haste
 E - 3 potions of flight
 J - 3 potions of heal wounds
 N - a potion of agility
 P - 2 potions of resistance
 Z - a potion of invisibility
Comestibles
 c - 8 meat rations
 j - 11 beef jerkies
 o - 13 royal jellies
 M - 3 slices of pizza


   Skills:
 + Level 16.0(15.8) Fighting
 + Level 18.8(18.6) Short Blades
 + Level 14.0(13.8) Armour
 + Level 18.1(18.0) Dodging
 - Level 6.0(5.9) Shields


You had 18 spell levels left.
You didn't know any spells.

Dungeon Overview and Level Annotations

Branches:
Dungeon (15/15)            Temple (0/1) D:5            Lair (8/8) D:11
  Swamp (0/4) Lair:6       Spider (0/4) Lair:5        Slime (0/6) Lair:8
    Orc (4/4) D:10            Elf (3/3) Orc:3        Vaults (0/5) D:13
 Depths (0/5) D:15

Altars:
Ashenzari
Cheibriados
Elyvilon
Fedhas
Gozag
Kikubaaqudgha
Makhleb
Okawaru
Ru
Trog
Xom
Jiyva
Lugonu

Shops:
D:5 %   D:9 (   D:10 [(   Orc:3 !   Orc:4 :?*[

Annotations:
D:13 6 runed doors
Lair:5 2 exclusions
Lair:8 1 runed door
Elf:2 3 runed doors


Innate Abilities, Weirdness & Mutations

You are small and have problems with some larger weapons.
You are carnivorous and can eat meat at any time.
You have sharp toenails.
You are resistant to hostile enchantments.


Message History

You hit the deep elf high priest.
The deep elf high priest is heavily wounded.
The deep elf high priest prays to its god.
Unknown command.
You hit the deep elf high priest.
The deep elf high priest is heavily wounded.
You feel sick.
Unknown command.
You puncture the deep elf high priest!
The deep elf high priest is severely wounded.
You block the deep elf high priest's attack.
The orange demon misses you.
The red devil hops backward while attacking.
The red devil misses you.
Unknown command.
You hit the deep elf high priest but do no damage.
The deep elf high priest is severely wounded.
The deep elf annihilator casts a spell at you.
The crystal spear hits you!
You die...

,,,,,,,,,*#.........).#*,,,,,,,,,
,,,*,,,,,*#...........#*,,,,,*,,,
,,*,*,,,,*#...........#*,,,,***,,
,,,*,,,,,*#...........#*,,,,,,,,,
,,,,,,,,,*#...........#*,,,,,,,,,
,,,,,,,,,,###.......###,,,,,,,,,,
,,,,,,,,,.,,##.....##,,.,,,,,,,,,
*,,,,,,,,....###(###....,,,,,,,,*
***,,,,,,.......@.4.....,,,,,,***
**,,,,,........e......,,,,,**
*,,,,,.......e.4...).,,,,,*
*,,,**#$............#**,,,*
*,,,**###.........###**,,,*
*,,,,,*#.#.......##**,,,,,*
*,,,,,..####...###*,,,,,,,*
*,,,,,..,**#...#**,,,,,,,,*
*,,,,,,,,,,*,,,*,,,,,,,,,,*


You could see a deep elf annihilator, an orange demon, a deep elf high priest
and a red devil.

Vanquished Creatures
  Jorgrun (Elf:2)
  2 deep elf master archers (Elf:3)
  Agnes (Elf:1)
  Frances (D:13)
  Donald (Elf:1)
  7 deep elf sorcerers (Elf:3)
  A caustic shrike skeleton (D:15)
  Nessos (Orc:3)
  8 deep elf annihilators (Elf:3)
  2 deep elf demonologists
  A dire elephant (Lair:8)
  Azrael (D:13)
  Snorg (D:13)
  3 deep elf death magi
  A minotaur (Lab)
  2 fire dragons
  2 deep elf high priests (Elf:3)
  10 hydras
  A catoblepas (Lair:8)
  A hell beast (Elf:1)
  2 dancing weapons (Elf:2)
  11 death yaks
  2 orc high priests (Orc:4)
  An ogre mage (D:15)
  A small abomination (Elf:2)
  The ghost of xeno23 the Zephyrmancer, a novice TeAE of Vehumet (D:9)
  An iron troll (D:13)
  6 skeletal warriors
  4 deep elf knights
  8 deep elf summoners
  A golden dragon zombie (D:15)
  4 unseen horrors
  4 hill giants
  Pikel (D:7)
  9 ugly things
  14 deep elf conjurers
  5 orc sorcerers
  4 necromancers
  5 griffons
  A wolf spider (D:13)
  4 orc knights (Orc:4)
  8 manticores
  A fire giant zombie (D:15)
  3 harpies (Elf:1)
  A phantasmal warrior (D:15)
  6 cyclopes
  12 elephants
  4 black mambas
  Maurice (D:10)
  9 spiny frogs
  4 gargoyles
  7 fire drakes
  A yaktaur (shapeshifter) (D:13)
  4 komodo dragons
  3 kobold demonologists (D:11)
  A yaktaur (D:15)
  A guardian mummy (D:14)
  13 deep elf priests
  5 trolls
  A boulder beetle (Lair:7)
  4 polar bears
  12 slime creatures
  27 blink frogs
  4 two-headed ogres
  A spriggan zombie (D:15)
  2 trapdoor spider zombies
  A centaur simulacrum (D:14)
  5 large abominations (Elf:1)
  7 basilisks
  3 trapdoor spiders
  A vampire (D:13)
  3 hungry ghosts
  4 fire elementals (D:13)
  15 deep elf magi
  52 yaks
  7 vampire mosquitoes
  A wraith (D:11)
  6 hippogriffs
  A wyvern (D:10)
  11 deep elf fighters
  A hog (shapeshifter) (Elf:2)
  A mottled dragon (D:13)
  11 wolves
  13 water moccasins
  5 swamp worms (Lair:6)
  3 soldier ants
  6 hell hounds
  16 porcupines
  2 phantoms
  2 black bears
  3 ice beasts
  3 eyes of draining
  3 slaves (D:7)
  2 wasps
  12 centaurs
  22 orc warriors
  12 ogres
  4 sky beasts
  23 crocodiles
  A brain worm (D:12)
  The ghost of JudasIscariot the Sneak, an amateur VSAs (D:8)
  15 giant frogs
  5 scorpions
  2 wyvern skeletons
  10 killer bees
  18 wights
  2 lava snakes (D:13)
  2 electric eels
  10 hounds
  25 orc priests
  6 crimson imps
  4 centaur zombies
  A jelly (D:15)
  3 centaur skeletons
  33 orc wizards
  Crazy Yiuf (D:7)
  11 iguanas
  9 worker ants
  4 giant frog skeletons
  A killer bee zombie (D:6)
  35 sheep
  2 hound zombies
  2 mummies (D:12)
  2 worker ant zombies
  90 river rats
  20 adders
  3 shadow imps
  10 oozes
  3 adder skeletons
  An adder zombie (D:6)
  2 worms
  16 giant geckos
  126 orcs
  15 ball pythons
  11 giant cockroaches
  21 hobgoblins
  7 jackals
  8 kobolds
  9 quokkas
  12 bats
  A giant gecko zombie (D:5)
  24 giant newts
  4 goblins
  A quokka skeleton (D:6)
  A quokka zombie (D:6)
  10 rats
  3 crawling corpses
  A fungus (Lair:4)
1137 creatures vanquished.

Vanquished Creatures (collateral kills)
  A sphinx (Elf:1)
  A deep troll shaman (Lair:8)
  4 death yaks (Lair:8)
  An unseen horror (D:11)
  3 yaks (D:10)
  3 iguanas (D:7)
13 creatures vanquished.

Vanquished Creatures (others)
  An orc (Orc:3)
  8 fungi
  12 plants
21 creatures vanquished.

Grand Total: 1171 creatures vanquished

Notes
Turn   | Place    | Note
--------------------------------------------------------------
     0 | D:1      | MDvedh the Kobold Berserker began the quest for the Orb.
     0 | D:1      | Reached XP level 1. HP: 14/14 MP: 1/1
   209 | D:1      | Reached XP level 2. HP: 12/19 MP: 2/2
   638 | D:1      | Reached skill level 5 in Short Blades
   783 | D:1      | Reached XP level 3. HP: 23/23 MP: 3/3
   902 | D:1      | Reached ** piety under Trog
  1692 | D:2      | Reached skill level 6 in Short Blades
  1872 | D:2      | Reached XP level 4. HP: 28/28 MP: 4/4
  2822 | D:2      | Reached skill level 7 in Short Blades
  2822 | D:2      | Reached XP level 5. HP: 30/32 MP: 5/5
  2979 | D:2      | Found a shimmering altar of Xom.
  3548 | D:3      | Reached *** piety under Trog
  3721 | D:3      | Found a sacrificial altar of Ru.
  3954 | D:3      | Found a bloodstained altar of Trog.
  4343 | D:4      | Reached skill level 8 in Short Blades
  5025 | D:4      | Reached XP level 6. HP: 32/37 MP: 6/6
  5166 | D:5      | Entered Level 5 of the Dungeon
  5256 | D:5      | Reached skill level 9 in Short Blades
  5363 | D:5      | Reached XP level 7. HP: 41/41 MP: 7/7
  5373 | D:5      | Reached skill level 10 in Short Blades
  5569 | D:5      | Found a staircase to the Ecumenical Temple.
  5576 | D:5      | Reached skill level 11 in Short Blades
  5872 | D:5      | Found Ysion's Food Shoppe.
  5886 | D:5      | Reached XP level 8. HP: 41/46 MP: 8/8
  5887 | D:5      | Reached **** piety under Trog
  5906 | D:5      | Found an iron altar of Okawaru.
  6183 | D:5      | Identified a scroll of acquirement
  6268 | D:6      | Found an ancient bone altar of Kikubaaqudgha.
  6386 | D:6      | Reached skill level 12 in Short Blades
  6636 | D:6      | Found a glowing drain.
  6774 | Sewer    | Entered a sewer
  7035 | Sewer    | Reached ***** piety under Trog
  7124 | Sewer    | Reached skill level 13 in Short Blades
  7468 | D:6      | Reached XP level 9. HP: 43/51 MP: 9/9
  7834 | D:6      | Found a white marble altar of Elyvilon.
  7975 | D:7      | Reached skill level 14 in Short Blades
  7981 | D:7      | Gained mutation: You are weak. (Str -2) [mutagenic meat]
  7982 | D:7      | Gained mutation: You are frail (-10% HP). [mutagenic meat]
  7983 | D:7      | Gained mutation: You are occasionally teleported to nearby monsters. [mutagenic meat]
  7984 | D:7      | Gained mutation: You have sharp toenails. [mutagenic meat]
  7985 | D:7      | Gained mutation: Your skin changes colour to match your surroundings (Stealth). [mutagenic meat]
  7986 | D:7      | Lost mutation: You are frail (-10% HP). [potion of cure mutation]
  7986 | D:7      | Lost mutation: Your skin changes colour to match your surroundings (Stealth). [potion of cure mutation]
  7986 | D:7      | Lost mutation: You are occasionally teleported to nearby monsters. [potion of cure mutation]
  7986 | D:7      | Lost mutation: You are weak. (Str -2) [potion of cure mutation]
  8047 | D:7      | Noticed Pikel
  8365 | D:7      | Reached skill level 15 in Short Blades
  8830 | D:7      | Found a blossoming altar of Fedhas.
  8931 | D:7      | Noticed Crazy Yiuf
  8937 | D:7      | Killed Crazy Yiuf
  9209 | D:7      | Killed Pikel
  9209 | D:7      | Reached XP level 10. HP: 58/58 MP: 10/10
  9387 | D:8      | Noticed JudasIscariot's ghost (amateur VSAs)
  9393 | D:8      | Killed JudasIscariot's ghost
  9393 | D:8      | Reached skill level 5 in Fighting
  9393 | D:8      | Reached skill level 5 in Dodging
  9964 | D:8      | Found a snail-covered altar of Cheibriados.
 10107 | D:8      | Gained mutation: You are resistant to hostile enchantments. [mutagenic meat]
 10455 | D:9      | Found an opulent altar of Gozag.
 10480 | D:9      | Found a burning altar of Makhleb.
 10641 | D:9      | Noticed xeno23's ghost (novice TeAE)
 10656 | D:9      | Killed xeno23's ghost
 10871 | D:9      | Found a shattered altar of Ashenzari.
 10934 | D:9      | Found Wonelaji's Antique Weapon Shoppe.
 10943 | D:9      | Bought a rapier for 120 gold pieces
 11481 | D:9      | Received a gift from Trog
 11570 | D:10     | Entered Level 10 of the Dungeon
 11621 | D:10     | Found Pipoin's Weapon Shoppe.
 11621 | D:10     | Found a staircase to the Orcish Mines.
 11622 | D:10     | Found Miwipn's Armour Shoppe.
 11641 | D:10     | Reached XP level 11. HP: 68/68 MP: 11/11
 11884 | D:10     | Noticed a hill giant
 11896 | D:10     | Killed a hill giant
 11948 | D:10     | Got a smoking buckler
 11954 | D:10     | Identified the +3 buckler of Boiling Hail {rElec MR+ Regen+ Str-4} (You found it on level 10 of the Dungeon)
 12171 | D:10     | Reached skill level 1 in Shields
 12360 | D:10     | Noticed a hill giant
 12375 | D:10     | Killed a hill giant
 13063 | D:11     | Noticed a cyclops
 13081 | D:11     | Killed a cyclops
 13160 | D:11     | Noticed Maurice
 13160 | D:11     | Noticed a cyclops
 13242 | D:10     | Killed Maurice
 13274 | D:11     | Killed a cyclops
 13274 | D:11     | Reached skill level 5 in Shields
 13397 | D:11     | Killed an unseen horror
 13459 | D:11     | Found a staircase to the Lair.
 13500 | Lair:1   | Entered Level 1 of the Lair of Beasts
 13624 | Lair:1   | Reached skill level 10 in Dodging
 13624 | Lair:1   | Reached XP level 12. HP: 50/76 MP: 12/12
 14129 | Lair:1   | Noticed a six-headed hydra
 14140 | Lair:1   | Killed a six-headed hydra
 14140 | Lair:1   | Reached skill level 10 in Fighting
 14423 | Lair:2   | Received a gift from Trog
 14726 | Lair:2   | Got a jewelled chain mail
 14727 | Lair:2   | Identified the +7 chain mail of Vexation {rElec MP+9 SInv} (You found it on level 2 of the Lair of Beasts)
 15399 | Lair:2   | Reached skill level 5 in Armour
 15535 | Lair:3   | Reached ****** piety under Trog
 15609 | Lair:3   | Reached XP level 13. HP: 83/83 MP: 13/13
 15635 | Lair:3   | Received a gift from Trog
 17599 | Lair:5   | Received a gift from Trog
 17651 | Lair:5   | Found a hole to the Spider Nest.
 18117 | Lair:5   | Reached skill level 10 in Armour
 18448 | Lair:6   | Found a labyrinth entrance.
 18457 | Lab      | Entered a labyrinth
 18988 | Lab      | Noticed a minotaur
 18994 | Lab      | Killed a minotaur
 18994 | Lab      | Reached XP level 14. HP: 88/88 MP: 14/14
 19012 | Lab      | Identified a +0 pair of boots of running (You found it in a labyrinth)
 19251 | Lair:6   | Received a gift from Trog
 19868 | Lair:6   | Found a staircase to the Swamp.
 20900 | Lair:7   | Received a gift from Trog
 21417 | Lair:8   | Entered Level 8 of the Lair of Beasts
 21417 | Lair:8   | Found a runed door.
 21417 | Lair:8   | Found a viscous altar of Jiyva.
 21417 | Lair:8   | Found a staircase to the Slime Pits.
 21882 | Lair:8   | Reached XP level 15. HP: 97/97 MP: 15/15
 23017 | D:11     | Received a gift from Trog
 23104 | D:11     | Found a corrupted altar of Lugonu.
 23148 | Orc:1    | Entered Level 1 of the Orcish Mines
 23261 | Orc:1    | Found a bloodstained altar of Trog.
 24337 | Orc:3    | Noticed Nessos
 24358 | Orc:3    | Received a gift from Trog
 24390 | Orc:3    | Killed Nessos
 24771 | Orc:4    | Entered Level 4 of the Orcish Mines
 25840 | Orc:4    | Found Rakuxod's Antique Armour Shoppe.
 25856 | Orc:4    | Found Avairere's Magic Scroll Boutique.
 25862 | Orc:4    | Found Eraug's Book Boutique.
 25864 | Orc:4    | Found Geufeubu's Assorted Antiques.
 25903 | Orc:4    | Bought a scroll labeled GOSHUB KAMULE for 34 gold pieces
 25914 | Orc:4    | Bought a scroll of teleportation for 42 gold pieces
 25914 | Orc:4    | Bought a scroll of blinking for 105 gold pieces
 25914 | Orc:4    | Bought a scroll of identify for 28 gold pieces
 25914 | Orc:4    | Bought a scroll of enchant weapon for 105 gold pieces
 25914 | Orc:4    | Bought a scroll of identify for 28 gold pieces
 25914 | Orc:4    | Bought a scroll of identify for 28 gold pieces
 25914 | Orc:4    | Bought a scroll of magic mapping for 49 gold pieces
 25924 | Orc:4    | Bought 3 scrolls of identify for 204 gold pieces
 26041 | Orc:4    | Received a gift from Trog
 26761 | D:12     | Reached skill level 16 in Short Blades
 27603 | D:13     | Noticed Frances
 27629 | D:13     | Killed Frances
 27629 | D:13     | Received a gift from Trog
 27766 | D:13     | Noticed Azrael
 27781 | D:13     | Killed Azrael
 27817 | D:13     | Reached XP level 16. HP: 96/104 MP: 16/16
 27950 | D:13     | Found a gate to the Vaults.
 28141 | D:13     | Noticed Snorg
 28153 | D:13     | Killed Snorg
 28408 | D:13     | Reached skill level 15 in Dodging
 28410 | D:13     | Found a runed gate.
 28410 | D:13     | Found a runed gate.
 28410 | D:13     | Found a runed gate.
 28692 | D:13     | Found a runed gate.
 28692 | D:13     | Found a runed gate.
 28692 | D:13     | Found a runed gate.
 29580 | D:14     | Got a fine cloak
 29607 | D:14     | Identified the +1 cloak of the Hanged Man {+Blink} (You found it on level 14 of the Dungeon)
 29801 | D:14     | Found an opulent altar of Gozag.
 30228 | D:15     | Entered Level 15 of the Dungeon
 30228 | D:15     | Found a staircase to the Depths.
 30891 | D:15     | Reached skill level 17 in Short Blades
 30993 | D:15     | Received a gift from Trog
 32495 | Orc:3    | Found Daxzeath's Distillery.
 32530 | Orc:3    | Found a staircase to the Elven Halls.
 32563 | Orc:3    | Bought a potion of resistance for 150 gold pieces
 32563 | Orc:3    | Bought a potion of experience for 750 gold pieces
 32563 | Orc:3    | Bought a potion of curing for 45 gold pieces
 32563 | Orc:3    | Bought a potion of haste for 150 gold pieces
 32563 | Orc:3    | Bought a potion of curing for 45 gold pieces
 32563 | Orc:3    | Reached XP level 17. HP: 112/112 MP: 17/17
 32747 | Elf:1    | Entered Level 1 of the Elven Halls
 33079 | Elf:1    | Reached XP level 18. HP: 114/117 MP: 18/18
 33290 | Elf:1    | Received a gift from Trog
 33462 | Elf:1    | Noticed Donald
 33520 | Elf:1    | Killed Donald
 33771 | Elf:1    | Noticed Agnes
 33800 | Elf:1    | Killed Agnes
 33987 | Elf:1    | Reached skill level 15 in Fighting
 34081 | Elf:1    | Noticed a sphinx
 34101 | Elf:1    | Killed a sphinx
 34226 | Elf:1    | Reached skill level 18 in Short Blades
 34304 | Elf:1    | Received a gift from Trog
 34620 | Elf:2    | Noticed Jorgrun
 34636 | Elf:2    | Killed Jorgrun
 34785 | Elf:2    | Found a runed gate.
 34785 | Elf:2    | Found a runed gate.
 34802 | Elf:2    | Found a runed gate.
 35183 | Elf:3    | Entered Level 3 of the Elven Halls
 35253 | Elf:3    | Received a gift from Trog
 36159 | Elf:3    | Reached XP level 19. HP: 123/125 MP: 19/19
 36769 | Elf:3    | Killed from afar by a deep elf annihilator

Action                   |  1- 3 |  4- 6 |  7- 9 | 10-12 | 13-15 | 16-18 | 19-21 || total
-------------------------+-------+-------+-------+-------+-------+-------+-------++-------
Melee: Short sword       |   114 |   287 |   800 |   159 |       |       |       ||  1360
       Rapier            |       |       |       |   842 |  2316 |  2150 |   179 ||  5487
Invok: Berserk           |     2 |     5 |    11 |    16 |    11 |     4 |       ||    49
       Trog's Hand       |       |     1 |     1 |     1 |     3 |     1 |       ||     7
       Brothers in Arms  |       |       |     1 |     2 |     1 |     2 |       ||     6
       Burn Spellbooks   |       |       |       |     1 |     3 |     2 |       ||     6
Evoke: Wand              |       |       |       |       |    10 |     4 |       ||    14
  Use: Scroll            |       |     7 |     7 |     9 |    10 |     7 |       ||    40
       Potion            |       |       |     3 |     2 |       |     1 |       ||     6
 Stab: Sleeping          |     3 |       |       |       |       |       |       ||     3
       Distracted        |       |       |       |       |     2 |       |       ||     2
       Invisible         |       |       |       |       |     8 |       |       ||     8
       Paralysed         |       |       |       |       |     1 |       |       ||     1
  Eat: Chunk             |    10 |    19 |    29 |    40 |    49 |    32 |     1 ||   180
       Meat ration       |       |       |       |       |       |     1 |       ||     1
